 Dungeon Crawl Stone Soup version 0.30-a0-1008-g30c9307041 (webtiles) character file.

Game seed: 14459112943171218444

1 DeathPants the Grave Robber (level 1, -1/13 HPs)
             Began as a Demonspawn Necromancer on Apr 5, 2023.
             Slain by a jackal (2 damage)
             ... on level 1 of the Dungeon.
             The game lasted 00:00:25 (91 turns).

DeathPants the Grave Robber (Demonspawn Necromancer)  Turns: 91, Time: 00:00:26

Health: -1/13      AC:  2    Str:  8    XL:     1   Next: 16%
Magic:  0/3        EV: 12    Int: 16    God:
Gold:   13         SH:  0    Dex: 13    Spells: 3/4 levels left

rFire   . . .      SeeInvis .    (no weapon)
rCold   . . .      Faith    .    (no shield)
rNeg    . . .      Spirit   .    a - +0 robe
rPois   .          Reflect  .    (no helmet)
rElec   .          Rampage  .    (no cloak)
rCorr   .                        (no gloves)
Will    .....                    (no boots)
Stlth   ++                       (no amulet)
HPRegen 0.22/turn                (no ring)
MPRegen 0.08/turn                (no ring)

@: no status effects
A: no striking features
a: no special abilities


You were on level 1 of the Dungeon.
You visited 1 branch of the dungeon, and saw 1 of its levels.

You collected 13 gold pieces.

Inventory:

Armour
 a - a +0 robe (worn)
Scrolls
 c - a scroll of silence {unknown}
 d - a scroll of noise {unknown}
 e - a scroll of amnesia {unknown}
 f - a scroll of enchant armour {unknown}
Potions
 b - a potion of magic


   Skills:
 + Level 0.1 Fighting
 + Level 1.8 Dodging
 - Level 1.7 Stealth
 + Level 2.0 Spellcasting
 + Level 4.4 Necromancy


You had 3 spell levels left.
You knew the following spells:

 Your Spells              Type           Power      Damage    Failure   Level
a - Necrotise             Necr           60%        1d7       3%          1

Your spell library contained the following spells:

 Spells                   Type           Power      Damage    Failure   Level
 Vampiric Draining        Necr           15%        2d7       11%         3
 Animate Dead             Necr           15%        N/A       34%         4
 Agony                    Necr           15%        N/A       67%         5


Dungeon Overview and Level Annotations

Branches:
Dungeon (1/15)

Altars:


Message History

You hit the jackal but do no damage.
The jackal is severely wounded.
Your jackal skeleton bites the jackal.
The jackal barely misses your jackal skeleton.
The jackal bites you but does no damage.
The goblin barely misses you.
You closely miss the jackal.
The jackal is severely wounded.
Your jackal skeleton misses the jackal.
The jackal bites your jackal skeleton. The jackal closely misses you.
Your jackal skeleton bites the jackal but does no damage.
The goblin misses you.
You hit the jackal.
The jackal is almost dead.
The jackal bites your jackal skeleton. The jackal closely misses you.
Your jackal skeleton closely misses the jackal.
The jackal bites your jackal skeleton.
Your jackal skeleton is destroyed!
The jackal barely misses you. The goblin barely misses you.
The jackal barks!
You closely miss the jackal.
The jackal is severely wounded.
The jackal barely misses you.
The jackal bites you but does no damage.
The goblin hits you but does no damage.
You hit the jackal.
The jackal is almost dead.
The jackal barely misses you. The jackal bites you.
* * * LOW HITPOINT WARNING * * *
The jackal closely misses you.
The jackal bites you but does no damage.
The goblin hits you with a +0 dagger.
* * * LOW HITPOINT WARNING * * *
You don't have enough magic to cast this spell.
You don't have enough magic to cast this spell.
You closely miss the jackal.
The jackal is almost dead.
The jackal bites you but does no damage.
The jackal bites you.
You die...

#......###### ####
#####.......## #..
####.##..###.. #.###..##.#
###
########..###.##.########..
........#.###..#...........
.................#########.
.........g######....# ##.
........hh@# ####.# ##..
########.#h# #.# ##...
#..K# #.###...# ##..#
#.##...## #... #.#...###
#.#. #........ .. ..
###...### .. .. ###.... ...
... #####


You could see 3 jackals, a goblin and a kobold.

Vanquished Creatures
  A jackal (D:1)
1 creature vanquished.

Notes
Turn   | Place    | Note
-------+----------+-------------------------------------------
     0 | D:1      | DeathPants the Demonspawn Necromancer began the quest for
                  | the Orb.
     0 | D:1      | Reached XP level 1. HP: 13/13 MP: 3/3
    91 | D:1      | Slain by a jackal

Illustrated notes

Levels and vault maps discovered:
D:1:      elethiomel_arrival_shortcut, layout_rooms,
          ebering_ecumenical_altar_abandoned, serial_shops, nicolae_shop_stone,
          minmay_three_crescents

Action                     || total
---------------------------++-------
  Melee: Unarmed           ||    15
   Cast: Necrotise         ||     3
 Armour: Robe              ||    10
  Dodge: Dodged            ||    25

Table legend: (Time is in decaauts)
 A = Elapsed time spent in this place.
 B = Non-inter-level travel time spent in this place.
 C = Inter-level travel time spent in this place.
 D = Time resting spent in this place.
 E = Time spent auto-exploring this place.
 F = Levels seen in this place.
 G = Mean time per level.
                   A        B        C        D        E       F      G
               +--------+--------+--------+--------+--------+-----+--------+
         Total |     91 |     91 |      0 |      0 |     65 |   1 |   91.0 |
       Dungeon |     91 |     91 |      0 |      0 |     65 |   1 |   91.0 |
               +--------+--------+--------+--------+--------+-----+--------+

Top non-repeatable levels by time:
     D:1: 91 daAuts
